[Event "Titled Tuesday Blitz February 15 Early 2022"]
[White "Lauridsen, Jesper Morch"]
[Black "Hoffmann, Asa"]
[WhiteFideId "1401890"]
[BlackFideId "2001470"]
[WhiteElo "2211"]
[BlackElo "2117"]
[Result "1-0"]
[Round "09"]
[TimeControl "180+1"]
[Date "2022.02.15"]
[WhiteClock "0:00:06"]
[BlackClock "0:00:38"]

1. f4 d6 2. e4 Nf6 3. Nc3 c5 4. Nf3 Nc6 5. d4 cxd4 6. Nxd4 Bd7 7. Nf3 g6 8. Bd3 Bg7 9. O-O O-O 10. Kh1 a6 11. a4 Rc8 12. Be3 Na5 13. Bg1 Nc4 14. e5 Ng4 15. Bxc4 Rxc4 16. Nd5 Bc6 17. b3 Re4 18. Ng5 f5 19. Nxe4 fxe4 20. Nxe7+ Qxe7 21. Qxg4 dxe5 22. fxe5 Qxe5 23. Rxf8+ Bxf8 24. Rf1 Be7 25. c3 Qg5 26. Qe6+ Kg7 27. Rf7+ Kh6 28. Qxe7 Qxe7 29. Rxe7 Kg5 30. Be3+ Kf5 31. Rxh7 g5 32. Rh5 Bd5 33. Rxg5+ Ke6 34. Rxd5 Kxd5 35. h4 1-0


[Site "https://www.chess.com"]

[Event "Titled Tuesday Blitz February 15 Early 2022"]
[White "Liyanage, Ranindu Dilshan"]
[Black "Guseva, Marina"]
[WhiteFideId "9915834"]
[BlackFideId "4149351"]
[WhiteElo "1858"]
[BlackElo "2232"]
[Result "1-0"]
[Round "09"]
[TimeControl "180+1"]
[Date "2022.02.15"]
[WhiteClock "0:00:15"]
[BlackClock "0:00:09"]

1. d4 Nf6 2. c4 e6 3. g3 c5 4. Nf3 cxd4 5. Nxd4 d5 6. cxd5 Qxd5 7. Rg1 e5 8. Nb3 Qxd1+ 9. Kxd1 Nc6 10. Nc3 Be6 11. Bd2 O-O-O 12. Bg2 Ng4 13. Ke1 Bxb3 14. Bxc6 Be6 15. Bg2 Nxf2 16. Be3 Ng4 17. Bxa7 Bb4 18. Rc1 Bd5 19. a3 Ba5 20. b4 Bxg2 21. Rxg2 Bc7 22. Nb5 Rd7 23. Bb6 1-0


[Site "https://www.chess.com"]

[Event "Titled Tuesday Blitz February 15 Early 2022"]
[White "Ljukin, Sergei"]
[Black "Viskelis, Darius"]
[WhiteFideId "14102200"]
[BlackFideId "12800830"]
[WhiteElo "2312"]
[BlackElo "1999"]
[Result "1-0"]
[Round "09"]
[TimeControl "180+1"]
[Date "2022.02.15"]
[WhiteClock "0:01:03"]
[BlackClock "0:00:01"]

1. e4 c6 2. d4 g6 3. Nc3 Bg7 4. Bc4 e6 5. e5 d6 6. Bf4 b5 7. Bb3 dxe5 8. dxe5 Ne7 9. Qxd8+ Kxd8 10. Bg5 Bxe5 11. O-O-O+ Ke8 12. Ne4 Nd5 13. Bxd5 cxd5 14. Nf6+ Kf8 15. f4 Bc7 16. Bh6+ Ke7 17. Bg5 Bxf4+ 18. Bxf4 Kxf6 19. Nf3 Nc6 20. Rhe1 Kg7 21. g4 h6 22. h4 a5 23. g5 hxg5 24. hxg5 Rh3 25. Ne5 Nxe5 26. Bxe5+ Kf8 27. Bf6 Bb7 28. Rh1 Rxh1 29. Rxh1 Ke8 30. Rh7 Rc8 31. b3 b4 32. Kd2 Ba6 33. c3 bxc3+ 34. Bxc3 a4 35. bxa4 1-0


[Site "https://www.chess.com"]

[Event "Titled Tuesday Blitz February 15 Early 2022"]
[White "Lodici, Lorenzo"]
[Black "Martirosyan, Haik M."]
[WhiteFideId "884189"]
[BlackFideId "13306553"]
[WhiteElo "2265"]
[BlackElo "2735"]
[Result "1-0"]
[Round "09"]
[TimeControl "180+1"]
[Date "2022.02.15"]
[WhiteClock "0:00:05"]
[BlackClock "0:00:08"]

1. f4 c5 2. Nf3 Nc6 3. g3 g6 4. Bg2 Bg7 5. O-O Nf6 6. d3 d5 7. Nc3 d4 8. Ne4 Nxe4 9. dxe4 O-O 10. e3 Qb6 11. Kh1 Rd8 12. exd4 cxd4 13. Ne1 Qc7 14. Nd3 a5 15. a3 b6 16. f5 Ba6 17. Bf4 Qd7 18. Qd2 Rac8 19. Bh3 Bxd3 20. cxd3 Ne5 21. Kg2 e6 22. fxe6 fxe6 23. Rac1 Nf7 24. Rxc8 Rxc8 25. Rc1 h5 26. g4 h4 27. g5 a4 28. Bg4 Be5 29. Kh3 Rf8 30. Kxh4 Qd6 31. Rf1 Kg7 32. Bxe5+ Nxe5 33. Rxf8 Qxf8 34. Kg3 Qf1 35. Qe2 Qc1 36. h4 Qg1+ 37. Kf4 Nf7 38. Bxe6 Qc1+ 39. Kg3 Ne5 40. Bh3 Qc7 41. Kg2 Qf7 42. Kg3 Qb3 43. Bf1 Qe6 44. h5 Qd6 45. Kg2 Nf7 46. hxg6 Qxg6 47. Qg4 Nxg5 48. Be2 Nf7 49. Qxg6+ Kxg6 50. Kg3 Ne5 51. Kf4 Kf6 52. Kg3 b5 53. Kf4 Ng6+ 54. Kg4 Ke5 55. Kg5 Nf4 56. Bf1 Ne6+ 57. Kg6 Nc5 58. Kf7 Na6 59. Ke7 b4 60. Kd7 bxa3 61. bxa3 Nc5+ 62. Kc6 Nb3 63. Kb5 Nd2 64. Be2 Kf4 65. Kxa4 Ke3 66. e5 Nb1 67. e6 Nc3+ 68. Kb3 Nd5 69. Bf1 Kf4 70. Bg2 Ke5 71. Bxd5 Kxd5 72. e7 Kd6 73. e8=Q Kc5 74. Qe4 Kb6 75. Qxd4+ Ka5 76. Qc4 1-0


[Site "https://www.chess.com"]

[Event "Titled Tuesday Blitz February 15 Early 2022"]
[White "Loy, Konstantin"]
[Black "Ambartsumova, Karina"]
[WhiteFideId "14122499"]
[BlackFideId "4166299"]
[WhiteElo "2084"]
[BlackElo "2262"]
[Result "0-1"]
[Round "09"]
[TimeControl "180+1"]
[Date "2022.02.15"]
[WhiteClock "0:00:02"]
[BlackClock "0:00:13"]

1. e4 c5 2. Nf3 e6 3. d3 Nc6 4. g3 g6 5. Bg2 Bg7 6. O-O Nge7 7. Re1 d6 8. c3 e5 9. h3 O-O 10. a3 d5 11. exd5 Nxd5 12. Nbd2 Re8 13. a4 b6 14. Nc4 Bf5 15. g4 Bc8 16. Qb3 Bb7 17. a5 Rc8 18. axb6 axb6 19. Bg5 Qc7 20. Ne3 Nxe3 21. Bxe3 Na5 22. Qc2 e4 23. Nh4 exd3 24. Qxd3 Rcd8 25. Qf1 Bxg2 26. Qxg2 Nc4 27. b3 Nxe3 28. Rxe3 Rxe3 29. fxe3 Bxc3 30. Rf1 Rd2 31. Rf2 Rd1+ 32. Rf1 Rxf1+ 33. Qxf1 Qg3+ 34. Ng2 Qxh3 35. Qd3 Bf6 36. Qe4 Kg7 37. Qf4 h6 38. Qe4 Qg3 39. Kf1 b5 40. Kg1 Qe5 41. Qd3 b4 42. Kf2 Qc3 43. Ke2 Qb2+ 44. Kf3 Bc3 45. Nf4 Qxb3 46. Ke4 Qa4 47. Nd5 Qc6 0-1


[Site "https://www.chess.com"]

[Event "Titled Tuesday Blitz February 15 Early 2022"]
[White "Manukyan, Artyom"]
[Black "Gatterer, Florian"]
[WhiteFideId "13305786"]
[BlackFideId "811688"]
[WhiteElo "2034"]
[BlackElo "2218"]
[Result "1-0"]
[Round "09"]
[TimeControl "180+1"]
[Date "2022.02.15"]
[WhiteClock "0:01:30"]
[BlackClock "0:00:53"]

1. e4 e5 2. Nf3 Nc6 3. Bb5 Nf6 4. O-O Nxe4 5. Re1 Nd6 6. Nxe5 Be7 7. Bd3 Nxe5 8. Rxe5 O-O 9. Nc3 Bf6 10. Re3 g6 11. Nd5 Bg7 12. Ne7+ Kh8 13. Nxc8 Rxc8 14. Rb1 Re8 15. b3 Rxe3 16. fxe3 Qg5 17. Qf3 c6 18. Ba3 Ne8 19. Qxf7 d5 20. Rf1 Nf6 21. Be7 Rc7 22. Qxf6 Bxf6 23. Bxf6+ Qxf6 24. Rxf6 Kg7 25. Rf2 a5 26. a4 h5 27. h4 c5 28. Bb5 c4 29. bxc4 dxc4 30. c3 b6 31. Rf4 1-0


[Site "https://www.chess.com"]

[Event "Titled Tuesday Blitz February 15 Early 2022"]
[White "Martin Carmona, Gaston Manuel"]
[Black "Visakh N R"]
[WhiteFideId "22284567"]
[BlackFideId "25012223"]
[WhiteElo "2161"]
[BlackElo "2454"]
[Result "0-1"]
[Round "09"]
[TimeControl "180+1"]
[Date "2022.02.15"]
[WhiteClock "0:00:06"]
[BlackClock "0:00:18"]

1. e4 c5 2. Nc3 e6 3. Nf3 Nc6 4. d4 cxd4 5. Nxd4 Nf6 6. Ndb5 d6 7. Bf4 e5 8. Bg5 a6 9. Na3 b5 10. Nd5 Be7 11. Bxf6 Bxf6 12. c4 b4 13. Nc2 Rb8 14. g3 O-O 15. Bg2 a5 16. O-O g6 17. Qd3 Bg7 18. Rad1 Be6 19. Nde3 Qb6 20. h4 h5 21. Kh2 a4 22. b3 axb3 23. axb3 Rfd8 24. Bh3 Ra8 25. Ra1 Nd4 26. Nxd4 Qxd4 27. Qxd4 exd4 28. Nd5 Bxd5 29. exd5 Ra3 30. Rab1 Re8 31. Rfd1 Re2 32. Kg1 Raa2 33. c5 dxc5 34. d6 Rxf2 35. d7 Bf6 36. Rf1 Rxf1+ 37. Rxf1 Bd8 38. Re1 Kg7 39. Re8 Ra8 40. Bf1 c4 41. Bxc4 d3 42. Bxd3 Bb6+ 43. Kg2 Rd8 44. Bb5 Bc7 45. Kf3 f6 46. Re7+ Kh6 47. Bc4 g5 48. Rf7 Kg6 49. Re7 g4+ 50. Kf2 f5 51. Bb5 f4 52. gxf4 Bxf4 53. Re8 Bc7 54. Re6+ Kf7 55. Rh6 Rf8 56. Kg2 Ke7 57. Rxh5 g3 58. Rh7+ Kd8 59. Rg7 Bd6 60. Rxg3 Bxg3 61. Kxg3 Rf5 62. Ba4 Ra5 63. Bc6 Ra3 64. Bd5 Kxd7 65. h5 Ra5 66. Bf3 Ke6 67. Kg4 Ra1 68. Be2 Ke5 69. Bc4 Rg1+ 70. Kh4 Kf4 71. Kh3 Rh1+ 72. Kg2 Rxh5 73. Kf2 Rh2+ 74. Ke1 Ke3 75. Kd1 Kd4 76. Kc1 Kc3 77. Kb1 Rb2+ 0-1


[Site "https://www.chess.com"]

[Event "Titled Tuesday Blitz February 15 Early 2022"]
[White "Martin, Lewis"]
[Black "Maung, Maung Kyaw Zaw Hein"]
[WhiteFideId "410551"]
[BlackFideId "13001698"]
[WhiteElo "2145"]
[BlackElo "1785"]
[Result "1-0"]
[Round "09"]
[TimeControl "180+1"]
[Date "2022.02.15"]
[WhiteClock "0:01:18"]
[BlackClock "0:00:04"]

1. e4 c6 2. d4 d5 3. Nc3 dxe4 4. Nxe4 Bf5 5. Ng3 Bg6 6. Nf3 Nd7 7. h4 h6 8. h5 Bh7 9. Bd3 Bxd3 10. Qxd3 e6 11. Bd2 Ngf6 12. O-O-O Be7 13. c4 b5 14. cxb5 cxb5 15. Kb1 O-O 16. Ne4 Nxe4 17. Qxe4 Nf6 18. Qe2 Qd5 19. g4 Qe4+ 20. Qxe4 Nxe4 21. Be3 Rfd8 22. Ne5 Bf6 23. f3 Nd6 24. Nc6 Rd7 25. b3 Rc8 26. Rc1 Rdc7 27. Nb4 Rxc1+ 28. Rxc1 Rxc1+ 29. Kxc1 Kf8 30. Kc2 Ke8 31. Nc6 a6 32. Nb8 a5 33. Nc6 Bd8 34. Nxd8 Kxd8 35. Kd3 Kd7 36. Bxh6 gxh6 37. g5 Ne8 38. gxh6 Nf6 39. Ke3 Nh7 40. Kf4 Kd6 41. Ke4 f5+ 42. Kd3 Kd5 43. Ke3 e5 44. dxe5 Kxe5 45. f4+ Kd5 46. Kd3 Nf6 47. Ke3 Kc5 48. Kd3 Kb4 49. Kd4 Ka3 50. Ke5 Nh7 51. Kxf5 Kxa2 52. Kg6 a4 53. Kxh7 axb3 54. Kg8 b2 55. h7 b1=Q 56. h8=Q Qb3+ 57. Kh7 Qc3 58. Qxc3 1-0


[Site "https://www.chess.com"]

[Event "Titled Tuesday Blitz February 15 Early 2022"]
[White "Matlakov, Maxim"]
[Black "Le, Tuan Minh"]
[WhiteFideId "4168003"]
[BlackFideId "12401153"]
[WhiteElo "2661"]
[BlackElo "2450"]
[Result "1/2-1/2"]
[Round "09"]
[TimeControl "180+1"]
[Date "2022.02.15"]
[WhiteClock "0:00:06"]
[BlackClock "0:00:06"]

1. e4 c5 2. Nf3 Nf6 3. e5 Nd5 4. Nc3 e6 5. Ne4 f5 6. Nc3 Ne7 7. b3 Nbc6 8. Bb2 a6 9. d4 cxd4 10. Nxd4 Nxd4 11. Qxd4 Nc6 12. Qd2 Qa5 13. O-O-O Ba3 14. f4 O-O 15. Be2 b5 16. g4 Bb7 17. Rhg1 Rad8 18. gxf5 Rxf5 19. Bd3 Rf7 20. Rg4 Ne7 21. Bxa3 Qxa3+ 22. Kb1 Bf3 23. Rh4 Nf5 24. Bxf5 Rxf5 25. Rf1 Bc6 26. Rg4 Rdf8 27. Ne2 R5f7 28. Nd4 Be4 29. Rfg1 Qc5 30. Qe3 Bg6 31. h4 Qd5 32. R1g2 b4 33. Kb2 a5 34. Ne2 a4 35. Qd4 a3+ 36. Kc1 Qc6 37. Qc4 Qxc4 38. bxc4 Bh5 39. Rg5 Bxe2 40. Rxe2 Rxf4 41. Reg2 R8f7 42. R5g4 h5 43. Rxf4 Rxf4 44. Kd2 Rxc4 45. Rh2 Kh7 46. Kd3 Rc3+ 47. Kd4 Rg3 48. Rd2 Rg4+ 49. Kc5 Rxh4 50. Rxd7 Rh2 51. Kxb4 Rxc2 52. Kxa3 Rc5 53. Kb4 Rxe5 54. a4 Re4+ 55. Kb5 h4 56. a5 h3 57. a6 Re5+ 58. Kb6 Re1 59. Rd3 Rb1+ 60. Kc6 Rc1+ 61. Kb7 Rb1+ 62. Kc7 Rc1+ 63. Kb7 Rb1+ 64. Kc6 Rh1 65. a7 Ra1 66. Rxh3+ Kg6 67. Kb7 Kf5 68. a8=Q Rxa8 69. Kxa8 g5 70. Kb7 g4 71. Rh8 g3 72. Kc6 Kf4 73. Rf8+ Ke4 74. Kd6 e5 75. Rg8 Kf4 76. Kd5 Kf3 77. Kxe5 g2 78. Rf8+ Ke3 79. Rg8 Kf3 80. Rf8+ Ke3 81. Rg8 Kf3 1/2-1/2


[Site "https://www.chess.com"]

[Event "Titled Tuesday Blitz February 15 Early 2022"]
[White "Matveeva, Olga"]
[Black "Stefanov, Plamen"]
[WhiteFideId "24107018"]
[BlackFideId "2900980"]
[WhiteElo "2083"]
[BlackElo "2137"]
[Result "1/2-1/2"]
[Round "09"]
[TimeControl "180+1"]
[Date "2022.02.15"]
[WhiteClock "0:00:22"]
[BlackClock "0:00:12"]

1. d4 Nf6 2. c4 c5 3. d5 b5 4. cxb5 a6 5. bxa6 g6 6. Nc3 Bxa6 7. Nf3 Bg7 8. g3 d6 9. Bg2 O-O 10. O-O Nbd7 11. Rb1 Qa5 12. Bd2 Rfb8 13. b3 Qd8 14. Qc2 h6 15. Rfe1 Ng4 16. h3 Nge5 17. Nxe5 Nxe5 18. Kh2 Bc8 19. f4 Nd7 20. e4 Nf6 21. e5 dxe5 22. fxe5 Bf5 23. Qb2 Nd7 24. e6 Bxb1 25. exf7+ Kxf7 26. Qxb1 Nf6 27. a4 Ra6 28. Qd3 Rd6 29. Qc4 Kf8 30. Qxc5 Rxb3 31. Bf4 Rd7 32. Qc4 Rb2 33. Kh1 Ne8 34. Nb5 Nd6 35. Nxd6 exd6 36. Qd3 Qf6 37. Rf1 Kg8 38. Bxh6 Qd4 39. Qxg6 Rf2 40. Qe8+ Kh7 41. Qxd7 Rxf1+ 42. Bxf1 Kxh6 43. Qe6+ Kh7 44. Qf5+ Kg8 45. Bd3 Be5 46. Qe6+ Kf8 47. Qf5+ Ke7 48. Kg2 Qxd5+ 49. Be4 Qd2+ 50. Kf3 Qc3+ 51. Ke2 Qxg3 52. Qh7+ Kd8 53. Qg6 Qxg6 54. Bxg6 Bd4 55. h4 Ke7 56. h5 Kf6 57. Kd3 Ba7 58. Kc4 Kg7 59. Kd5 Bc5 60. a5 Kh6 61. a6 Kg7 62. Kc6 Kh6 63. Kb7 Kg7 64. a7 Bxa7 65. Kxa7 d5 66. Kb6 d4 67. Kc5 d3 68. Bxd3 Kh8 69. Be2 Kg8 70. Kd6 Kh8 71. Ke6 Kg8 72. Kf5 Kh8 73. Kg5 Kg8 74. Kg6 Kh8 75. Kh6 Kg8 76. Kg6 Kh8 77. h6 Kg8 78. h7+ Kh8 79. Kh6 1/2-1/2


[Site "https://www.chess.com"]

[Event "Titled Tuesday Blitz February 15 Early 2022"]
[White "Maze, Sebastien"]
[Black "Ruperez Benito, Antonio"]
[WhiteFideId "613762"]
[BlackFideId "22245049"]
[WhiteElo "2462"]
[BlackElo "2249"]
[Result "1-0"]
[Round "09"]
[TimeControl "180+1"]
[Date "2022.02.15"]
[WhiteClock "0:01:44"]
[BlackClock "0:00:19"]

1. e4 c5 2. Nc3 e6 3. g3 g6 4. Bg2 Bg7 5. h4 h6 6. Nge2 Nc6 7. d3 Nge7 8. Be3 b6 9. d4 cxd4 10. Nxd4 O-O 11. Qd2 Nxd4 12. Bxd4 Nc6 13. Bxg7 Kxg7 14. O-O-O Qf6 15. f4 Rd8 16. e5 Qe7 17. Bxc6 Rb8 18. h5 Rh8 19. Bf3 b5 20. hxg6 b4 21. Ne4 fxg6 22. Qd6 Qxd6 23. Rxd6 Rf8 24. Nc5 Rf7 25. Rhd1 Rb6 26. Rxb6 axb6 27. Nb7 Bxb7 28. Bxb7 g5 29. fxg5 hxg5 30. Bc8 Rf5 31. Rxd7+ Kf8 32. Rd6 Rxe5 33. Rxe6 Ra5 34. Rxb6 Rxa2 35. Rxb4 Ke7 36. g4 Ra8 37. Bf5 Kd6 38. b3 Re8 39. Rb6+ Ke5 40. Re6+ Rxe6 41. Bxe6 Kxe6 42. Kd2 Ke5 43. Ke3 1-0


[Site "https://www.chess.com"]

[Event "Titled Tuesday Blitz February 15 Early 2022"]
[White "Mejia, Cherry Ann"]
[Black "Toncheva, Nadya"]
[WhiteFideId "5206880"]
[BlackFideId "2924056"]
[WhiteElo "2007"]
[BlackElo "1920"]
[Result "0-1"]
[Round "09"]
[TimeControl "180+1"]
[Date "2022.02.15"]
[WhiteClock "0:00:02"]
[BlackClock "0:00:20"]

1. e4 c5 2. Nc3 Nc6 3. g3 g6 4. Bg2 Bg7 5. d3 e6 6. Be3 Nd4 7. Qd2 Ne7 8. Nd1 O-O 9. c3 Ndc6 10. Bh6 b6 11. h4 Bxh6 12. Qxh6 Kh8 13. h5 Ng8 14. Qd2 g5 15. f4 gxf4 16. gxf4 Bb7 17. Ne3 Qc7 18. Ne2 Nge7 19. O-O f5 20. Ng3 fxe4 21. dxe4 Rxf4 22. Ne2 Rxf1+ 23. Rxf1 Rg8 24. Rf7 Rg7 25. Rxg7 Kxg7 26. Ng4 Ng8 27. Qg5+ Kf8 28. h6 d6 29. Nf4 Qe7 30. Nh3 Nd8 31. Qxe7+ Kxe7 32. Ng5 Nf7 33. Nxh7 Ngxh6 34. Nxh6 Nxh6 35. Ng5 Nf7 36. Nh3 Ne5 37. Kf1 Ba6+ 38. Kg1 Bd3 39. Nf4 Bb1 40. a3 Nc4 41. b4 Nxa3 42. bxc5 bxc5 43. Kf2 a5 44. Ke2 Nc4 45. Kd1 Ne5 46. Kc1 Ba2 47. Kb2 Bc4 48. Bh3 Nd3+ 49. Nxd3 Bxd3 50. Bg2 Bb5 51. Kb3 Bc6 52. Ka3 a4 53. Bf3 e5 54. Bg2 Kf6 0-1


[Site "https://www.chess.com"]

[Event "Titled Tuesday Blitz February 15 Early 2022"]
[White "Mikhailovsky, Vladimir"]
[Black "Moksh Amit Doshi"]
[WhiteFideId "34105414"]
[BlackFideId "25064967"]
[WhiteElo "2371"]
[BlackElo "2245"]
[Result "1/2-1/2"]
[Round "09"]
[TimeControl "180+1"]
[Date "2022.02.15"]
[WhiteClock "0:00:06"]
[BlackClock "0:01:49"]

1. e4 e5 2. Nf3 Nc6 3. Nc3 Nf6 4. d4 exd4 5. Nxd4 Bb4 6. Nxc6 bxc6 7. Bd3 d5 8. exd5 O-O 9. O-O Bg4 10. f3 Bh5 11. dxc6 Qd4+ 12. Kh1 Bxc3 13. bxc3 Qxc3 14. Bg5 Qxc6 15. Qe2 Bg6 16. Bb5 Qxc2 17. Qxc2 Bxc2 18. Rac1 Rab8 19. a4 a6 20. Bxa6 Bxa4 21. Bxf6 gxf6 22. Rxc7 Bb5 23. Bxb5 Rxb5 24. h3 Rfb8 25. Kh2 Rb1 26. Rf2 R8b2 27. Rxb2 Rxb2 28. h4 Kg7 29. Kh3 Rb4 30. Rc5 h6 31. Kg3 Rd4 32. Rf5 Kg6 33. Rf4 Rd5 34. Rb4 h5 35. Kf4 Rf5+ 36. Ke3 Ra5 37. g3 Ra3+ 38. Kf4 Ra1 39. Rc4 Rb1 40. Rd4 Ra1 41. g4 Rh1 42. Kg3 Rg1+ 43. Kf4 Rh1 44. gxh5+ Kxh5 45. Rd5+ Kxh4 46. Rd8 Kh3 47. Rd7 Kg2 48. Rxf7 Rh3 49. Rxf6 Rxf3+ 50. Ke5 Ra3 51. Ke6 Kg3 52. Kf7 Kg4 53. Rg6+ Kf5 54. Rf6+ Kg5 55. Rg6+ Kh5 56. Rf6 Rg3 57. Ke6 Kg5 58. Rf8 Ra3 59. Ke5 1/2-1/2


[Site "https://www.chess.com"]

[Event "Titled Tuesday Blitz February 15 Early 2022"]
[White "Mirzoev, Azer"]
[Black "Milosevic, Milos"]
[WhiteFideId "13400304"]
[BlackFideId "964875"]
[WhiteElo "2525"]
[BlackElo "2198"]
[Result "1-0"]
[Round "09"]
[TimeControl "180+1"]
[Date "2022.02.15"]
[WhiteClock "0:00:52"]
[BlackClock "0:00:15"]

1. Nf3 g6 2. c4 Bg7 3. Nc3 d6 4. e4 e5 5. d4 Nc6 6. dxe5 dxe5 7. Qxd8+ Nxd8 8. c5 c6 9. Bc4 Be6 10. Nd2 Bf8 11. b4 a5 12. Ba3 Bh6 13. Be2 Bxd2+ 14. Kxd2 Nf6 15. b5 cxb5 16. Bxb5+ Nc6 17. f3 Ke7 18. Ke3 Nb4 19. Rhc1 Rac8 20. Na4 Bd7 21. Bxd7 Nxd7 22. Rab1 Nc6 23. Rxb7 Ke6 24. Nb6 Rcd8 25. Rc7 Nd4 26. Bb2 f5 27. Rxd7 f4+ 28. Kd3 1-0


[Site "https://www.chess.com"]

[Event "Titled Tuesday Blitz February 15 Early 2022"]
[White "Mischuk, Dmitry"]
[Black "Reprintsev, Alexander"]
[WhiteFideId "14118734"]
[BlackFideId "14100541"]
[WhiteElo "2256"]
[BlackElo "2126"]
[Result "1-0"]
[Round "09"]
[TimeControl "180+1"]
[Date "2022.02.15"]
[WhiteClock "0:00:03"]
[BlackClock "0:00:08"]

1. e4 d5 2. exd5 Qxd5 3. Nc3 Qa5 4. d4 Nf6 5. Bc4 Bg4 6. Nf3 Nc6 7. h3 Qh5 8. Be3 Bxf3 9. Qxf3 Qxf3 10. gxf3 e6 11. O-O-O O-O-O 12. a3 Nd5 13. Ne4 h6 14. Ba2 f5 15. Nc3 Nxc3 16. bxc3 Bxa3+ 17. Kb1 Rhe8 18. f4 Rd6 19. Rhg1 Re7 20. Rg6 Nd8 21. Rdg1 Rdd7 22. c4 c6 23. c3 Bd6 24. c5 Bc7 25. Kc2 b6 26. cxb6 axb6 27. h4 Kb7 28. h5 b5 29. Bb3 Bb6 30. Ra1 Rc7 31. Kb2 c5 32. d5 Rcd7 33. dxe6 Rd6 34. Bc2 Rdxe6 35. Bxf5 Rxg6 36. Bxg6 c4 37. Rd1 Ne6 38. f5 Bxe3 39. fxe3 Nc5 40. Rd8 Rxe3 41. Rg8 Re7 42. f6 gxf6 43. Rh8 Nd3+ 44. Bxd3 cxd3 45. Kc1 Kc6 46. Rxh6 Rf7 47. Rg6 Kd5 48. Kd2 Kc4 49. Rg4+ Kb3 50. Kxd3 Rd7+ 51. Rd4 Rh7 52. Rb4+ Ka3 53. Rxb5 Ka4 54. Rf5 Rh6 55. Kd4 Kb3 56. c4 Ka4 57. c5 Kb5 58. Kd5 Ka6 59. Kc6 Ka7 60. Kd6 Kb7 61. c6+ Kc8 62. Ra5 f5+ 63. Kc5 Rxh5 64. Kb6 Kd8 65. c7+ Kd7 66. Rd5+ Ke6 67. Rd8 Rh1 68. c8=Q+ 1-0


[Site "https://www.chess.com"]

[Event "Titled Tuesday Blitz February 15 Early 2022"]
[White "Miszler, Levente"]
[Black "Qashashvili, Alexandre"]
[WhiteFideId "763276"]
[BlackFideId "13600842"]
[WhiteElo "1966"]
[BlackElo "2316"]
[Result "1/2-1/2"]
[Round "09"]
[TimeControl "180+1"]
[Date "2022.02.15"]
[WhiteClock "0:00:14"]
[BlackClock "0:00:45"]

1. Nf3 c6 2. g3 d5 3. Bg2 Nf6 4. O-O Bf5 5. d3 Qc8 6. Nbd2 Bh3 7. c4 h5 8. e4 h4 9. Nxh4 g5 10. Nf5 Bxg2 11. Kxg2 dxe4 12. dxe4 Nxe4 13. Nxe4 Qxf5 14. Nxg5 f6 15. Qf3 Qc8 16. h4 fxg5 17. Bxg5 Qe6 18. Rad1 Nd7 19. Rfe1 Qxc4 20. Qf5 O-O-O 21. Bxe7 Bxe7 22. Rxe7 Rhf8 23. Rdxd7 Rxf5 24. Rc7+ 1/2-1/2


[Site "https://www.chess.com"]

[Event "Titled Tuesday Blitz February 15 Early 2022"]
[White "Molina, Roberto Junio Brito"]
[Black "Vlassov, Nikolai"]
[WhiteFideId "2109450"]
[BlackFideId "4103360"]
[WhiteElo "2402"]
[BlackElo "2407"]
[Result "1-0"]
[Round "09"]
[TimeControl "180+1"]
[Date "2022.02.15"]
[WhiteClock "0:00:19"]
[BlackClock "0:00:04"]

1. d4 Nf6 2. Nf3 e6 3. e3 c5 4. Bd3 b6 5. O-O Bb7 6. Qe2 Be7 7. Nbd2 d6 8. c3 Nbd7 9. e4 Qc7 10. Re1 e5 11. d5 a6 12. a4 Nf8 13. g3 Ng6 14. Nc4 O-O 15. h4 b5 16. Ne3 c4 17. Bc2 h6 18. Nh2 Bd8 19. h5 Ne7 20. Neg4 Nxg4 21. Nxg4 f5 22. exf5 Nxd5 23. axb5 axb5 24. Rxa8 Bxa8 25. Be4 Bf6 26. Qf3 Nb6 27. Bxa8 Rxa8 28. Bxh6 d5 29. Be3 e4 30. Nxf6+ gxf6 31. Qg4+ Kh8 32. Qg6 Nd7 33. Bd4 Rf8 34. Ra1 Ne5 35. Qh6+ Kg8 36. Ra7 Qxa7 37. Bxa7 Ra8 38. Be3 Ra1+ 39. Kg2 Kf7 40. Qh7+ Ke8 41. h6 Nf3 42. Qg8+ Kd7 43. Qg7+ Kc6 44. Qxf6+ Kb7 45. Kh3 Rh1+ 46. Kg4 Nh2+ 47. Kf4 Nf3 48. Qg7+ Kc6 49. f6 1-0


[Site "https://www.chess.com"]

[Event "Titled Tuesday Blitz February 15 Early 2022"]
[White "Moroni, Luca Jr"]
[Black "Szpar, Milosz"]
[WhiteFideId "865834"]
[BlackFideId "1184989"]
[WhiteElo "2573"]
[BlackElo "2447"]
[Result "1-0"]
[Round "09"]
[TimeControl "180+1"]
[Date "2022.02.15"]
[WhiteClock "0:00:34"]
[BlackClock "0:00:09"]

1. d4 Nf6 2. Bf4 d5 3. e3 c6 4. Nf3 Bg4 5. c4 Nbd7 6. Nc3 e6 7. Qb3 Bxf3 8. gxf3 Qb6 9. c5 Qxb3 10. axb3 Nh5 11. Bg3 a6 12. b4 Rc8 13. Kd2 g6 14. h4 Bg7 15. Bd6 e5 16. Bh3 f5 17. Ne2 Kf7 18. e4 dxe4 19. fxe4 Ndf6 20. exf5 Ne4+ 21. Ke3 gxf5 22. Bxe5 Bh6+ 23. f4 Rce8 24. Rhg1 Nef6 25. Bxf5 Nd5+ 26. Kf3 Rhf8 27. Bxh7 Nhxf4 28. Nxf4 Bxf4 29. Bxf4 Ke6 30. Rae1+ Kd7 31. Rg7+ Kd8 32. Rxe8+ Kxe8 33. Bg6+ Kd8 34. Rf7 1-0


[Site "https://www.chess.com"]

[Event "Titled Tuesday Blitz February 15 Early 2022"]
[White "Musovic, Armin"]
[Black "Moskvin, Anatoly"]
[WhiteFideId "939935"]
[BlackFideId "24199990"]
[WhiteElo "2250"]
[BlackElo "2079"]
[Result "1-0"]
[Round "09"]
[TimeControl "180+1"]
[Date "2022.02.15"]
[WhiteClock "0:00:07"]
[BlackClock "0:00:05"]

1. a3 e5 2. Nc3 d5 3. d4 e4 4. Bf4 f5 5. Be5 Nf6 6. Bxf6 gxf6 7. e3 Be6 8. Qh5+ Kd7 9. Nge2 Bd6 10. g3 Nc6 11. Bh3 Ne7 12. Nf4 Bxf4 13. gxf4 Qe8 14. Qh4 Qf7 15. O-O-O h5 16. f3 Rag8 17. Rhf1 exf3 18. Rxf3 c6 19. Na4 Kc7 20. Qe1 b6 21. Qb4 Nc8 22. b3 a5 23. Qe1 Nd6 24. Nc3 b5 25. Kb2 Ra8 26. Qh4 b4 27. axb4 axb4 28. Na2 Kb6 29. Nxb4 Qa7 30. c3 Ne4 31. Rff1 Qa3+ 32. Kc2 c5 33. dxc5+ Nxc5 34. Rb1 Rhc8 35. Qxf6 Qxb4 36. Rg1 Rc6 37. Qd4 Qxd4 38. exd4 Ne4 39. c4 dxc4 40. bxc4+ Kc7 41. c5 Rc8 42. Rg7+ Kd8 43. Rbg1 Nxc5 44. dxc5 Rxc5+ 45. Kd3 Rc3+ 46. Kd4 R8c4+ 47. Ke5 Re3+ 48. Kf6 Rc6 49. Bxf5 Bd7+ 50. Kg5 Bxf5 51. Kxf5 Rc5+ 52. Kg6 Rf3 53. Rd1+ Kc8 54. Re1 Kd8 55. Ra1 Rc6+ 56. Kh7 Rc8 57. Rg8+ Kd7 58. Rd1+ Kc7 59. Rc1+ Kd6 60. Rcxc8 Rxf4 61. Rcf8 Rh4 62. Rf2 Ke6 63. Rg1 Rh3 64. Re1+ Kd5 65. Rd2+ Kc4 66. Rc1+ Kb3 67. Kh6 Rc3 68. Rxc3+ Kxc3 69. Rg2 1-0


[Site "https://www.chess.com"]

[Event "Titled Tuesday Blitz February 15 Early 2022"]
[White "Nadeev, Sergey"]
[Black "Van den Dikkenberg, Erik"]
[WhiteFideId "4180038"]
[BlackFideId "1005880"]
[WhiteElo "2369"]
[BlackElo "2118"]
[Result "1-0"]
[Round "09"]
[TimeControl "180+1"]
[Date "2022.02.15"]
[WhiteClock "0:00:25"]
[BlackClock "0:00:06"]

1. e4 c5 2. Nf3 d6 3. d4 cxd4 4. Nxd4 Nf6 5. Nc3 a6 6. Bg5 e6 7. f4 Nc6 8. Qd2 h6 9. Bxf6 Qxf6 10. Nf3 Qd8 11. O-O-O Qb6 12. Bc4 Be7 13. g4 Qc5 14. Bb3 b5 15. Rhe1 a5 16. a3 a4 17. Ba2 b4 18. axb4 Nxb4 19. Qd4 Nxa2+ 20. Nxa2 a3 21. Qxc5 axb2+ 22. Kxb2 dxc5 23. c4 O-O 24. Nc3 Ba6 25. Nd2 Rfb8+ 26. Kc2 Bh4 27. Rf1 Rd8 28. Nf3 Bf6 29. e5 Be7 30. Rxd8+ Rxd8 31. Nb5 Rb8 32. Rb1 Rd8 33. Nd2 Kh7 34. Nc7 Bc8 35. Rb8 Bd7 36. Rxd8 Bxd8 37. Nb5 Bc6 38. Kd3 Be7 39. Ne4 Bxe4+ 40. Kxe4 Kg8 41. f5 Kf8 42. fxe6 fxe6 43. Nc7 Kf7 44. h3 g6 45. Kf4 Bg5+ 46. Ke4 Be7 47. Nb5 Ke8 48. Nc3 Kf7 49. Kd3 Bg5 50. Ne4 Be7 51. Kc3 Ke8 52. Kb3 Kd7 53. Ka4 Kc6 54. Ka5 h5 55. gxh5 gxh5 56. Ng3 h4 57. Ne4 Kc7 58. Kb5 Kd7 59. Nxc5+ Kc7 60. Nxe6+ Kd7 61. Nd4 Bg5 62. c5 Be3 63. c6+ Kc7 64. Nf5 Bf4 65. e6 Bd6 66. e7 Bxe7 67. Nxe7 Kb8 68. Kb6 Ka8 69. Nd5 Kb8 70. Kc5 Kc8 71. Kd6 Kd8 72. c7+ Kc8 73. Ne7+ Kb7 74. c8=Q+ 1-0


[Site "https://www.chess.com"]